 Dungeon Crawl Stone Soup version 0.22.1-6-g1668fe2 (webtiles) character file.

228 Fang the Chopper (level 6, 0/39 HPs)
             Began as a Gargoyle Berserker on Jan 25, 2019.
             Was a Believer of Trog.
             Slain by Sigmund
             ... wielding a +0 scythe
              (10 damage)
             ... on level 4 of the Dungeon.
             The game lasted 00:02:10 (2581 turns).

Fang the Chopper (Gargoyle Berserker)               Turns: 2581, Time: 00:02:11

Health: 0/39       AC: 13    Str: 22    XL:     6   Next: 2%
Magic:  6/6        EV:  8    Int:  8    God:    Trog [**....]
Gold:   206        SH:  0    Dex:  9    Spells: 5/5 levels left

rFire    . . .     SeeInvis .   a - +0 hand axe
rCold    . . .     Gourm    .   (no shield)
rNeg     + . .     Faith    .   i - +0 chain mail
rPois    ∞         Spirit   .   (no helmet)
rElec    +         Reflect  .   (no cloak)
rCorr    .         Harm     .   (no gloves)
MR       .....                  (no boots)
Stlth    ..........             (no amulet)
HPRegen  0.13/turn              (no ring)
MPRegen  0.10/turn              (no ring)

@: no status effects
A: negative energy resistance 1, electricity resistance, unbreathing,
petrification resistance, rot immunity, AC +4
a: Berserk, Trog's Hand, Renounce Religion


You were on level 4 of the Dungeon.
You worshipped Trog.
Trog was pleased with you.
You were hungry.

You visited 1 branch of the dungeon, and saw 4 of its levels.

You collected 206 gold pieces.

Inventory:

Hand Weapons
 a - a +0 hand axe (weapon)
Armour
 i - a +0 chain mail (worn)
Jewellery
 m - an uncursed ring of poison resistance {unknown}
 p - a +2 ring of strength {unknown}
 q - an uncursed ring of see invisible {unknown}
Scrolls
 d - a scroll of fog {unknown}
 f - 5 scrolls of remove curse {unknown}
 h - a scroll of fear {unknown}
 j - 5 scrolls of identify {unknown}
 k - a scroll of teleportation {unknown}
 o - a scroll of random uselessness {unknown}
 r - 2 scrolls of amnesia {unknown}
Potions
 b - a potion of heal wounds {unknown}
 e - 3 potions of agility {unknown}
 g - 3 potions of curing {unknown}
 l - a potion of brilliance {unknown}
 n - a potion of lignification {unknown}
 t - a potion of magic {unknown}
Comestibles
 c - 5 rations


   Skills:
 + Level 4.4 Fighting
 + Level 4.4 Axes
 + Level 3.3 Armour
 + Level 2.3 Dodging
 + Level 0.3 Stealth


You had 5 spell levels left.
You didn't know any spells.
Your spell library was empty.

Dungeon Overview and Level Annotations

Branches:
Dungeon (4/15)
 Temple: D:4-7

Altars:
Elyvilon
Kikubaaqudgha
Qazlal
Ru
Sif Muna
Xom

Annotations:
D:4 Sigmund


Innate Abilities, Weirdness & Mutations

You are resistant to torment.
Your stone body is resilient. (AC +4)
You are immune to poison.
You resist negative energy. (rN+)
You are resistant to electric shocks. (rElec)
You can survive without breathing.
You are immune to petrification.
You are immune to rotting.


Message History

The puff of flame hits you!
Sigmund is nearby!
Sigmund is nearby!
Sigmund is nearby!
You are too injured to fight recklessly!
There is a sacrificial altar of Ru here.
You hear the rusting of a very distant drain.
Sigmund casts a spell at you.
You are confused.
Sigmund is nearby!
Sigmund points at you and mumbles some strange words.
The magic dart hits you!
* * * LOW HITPOINT WARNING * * *
You bump into the stone wall.
Sigmund hits you but does no damage.
You bump into the stone wall.
You feel less confused. Sigmund misses you.
Okay, then.
You closely miss Sigmund. Sigmund hits you with a scythe!
You die...

#.# #.# ##.## ##.## #
##...## ##._.##
##.##.....####### #.....#
...#.......#....# ##...##
#....._........#######.####
###.......#.#.)............
##.....##....#######.####
##...##@....# #.#
##.##@.##### #.# #....##
###.# #######. ..#.# #)
#.#.# #.### #.#.# #...#
#.#.#### #.....###.#.#...
#...#.........##


You could see Sigmund.

Vanquished Creatures
  An ogre (D:4)
  Jessica (D:2)
  6 adders
  An ooze (D:1)
  A dart slug (D:1)
  A leopard gecko (D:3)
  4 orcs (D:4)
  5 bats
  A giant cockroach (D:1)
  7 goblins
  7 hobgoblins
  6 kobolds
  2 quokkas (D:2)
  3 ball pythons
  7 frilled lizards
  7 rats
60 creatures vanquished.

Notes
Turn   | Place    | Note
-------+----------+-------------------------------------------
     0 | D:1      | Fang the Gargoyle Berserker began the quest for the Orb.
     0 | D:1      | Reached XP level 1. HP: 14/14 MP: 1/1
    42 | D:1      | You fall through a shaft!
    61 | D:2      | Reached XP level 2. HP: 14/19 MP: 2/2
   236 | D:2      | Found an ancient bone altar of Kikubaaqudgha.
   241 | D:2      | Reached XP level 3. HP: 20/24 MP: 3/3
   658 | D:2      | Noticed Jessica
   666 | D:2      | Killed Jessica
   881 | D:1      | Reached XP level 4. HP: 29/29 MP: 4/4
  1288 | D:1      | Reached ** piety under Trog
  1545 | D:3      | Found a deep blue altar of Sif Muna.
  1832 | D:3      | Found a stormy altar of Qazlal.
  1837 | D:3      | Reached XP level 5. HP: 33/33 MP: 5/5
  1903 | D:3      | Found a white marble altar of Elyvilon.
  2388 | D:4      | Found a shimmering altar of Xom.
  2508 | D:4      | Noticed an ogre
  2516 | D:4      | Killed an ogre
  2516 | D:4      | Reached XP level 6. HP: 22/39 MP: 6/6
  2545 | D:4      | Found a sacrificial altar of Ru.
  2555 | D:4      | Noticed Sigmund
  2581 | D:4      | Slain by Sigmund

Skill      XL: |  1  2  3  4  5 |
---------------+----------------+-----
Axes           | 3 4 |  4.4
Fighting       | 4 |  4.4
Dodging        | 2 |  2.3
Armour         | 3 |  3.3
Stealth        | |  0.3

Action                   |  1- 3 |  4- 6 || total
-------------------------+-------+-------++-------
Melee: Hand axe          |    33 |   135 ||   168
Invok: Berserk           |     1 |     1 ||     2
  Eat: Chunk             |       |     6 ||     6
Armor: Animal skin       |    15 |       ||    15
       Chain mail        |    15 |   107 ||   122
Dodge: Dodged            |    29 |    57 ||    86
